 Dungeon Crawl Stone Soup version 0.24.1-14-gf8d2b50 (webtiles) character file.

Game seed: 7732710211343431156, levelgen mode: deterministic

27189 shmeve the Cleaver (level 13, 0/201 HPs)
             Began as a Minotaur Berserker on June 14, 2020.
             Was a High Priest of Trog.
             Splashed by an oklob plant's acid (12 damage)
             ... on level 3 of the Lair of Beasts.
             The game lasted 00:26:37 (12541 turns).

shmeve the Cleaver (Minotaur Berserker)            Turns: 12541, Time: 00:26:38

Health: 0/201      AC:  6    Str: 30    XL:     13   Next: 3%
Magic:  12/12      EV: 14    Int:  5    God:    Trog [*****.]
Gold:   852        SH: 20    Dex: 11    Spells: 12/12 levels left

rFire    . . .     SeeInvis .   U - +10 hand axe "Bifonienn" {drain, rPois}
rCold    . . .     Gourm    .   M - +0 large shield
rNeg     . . .     Faith    .   A - +4 chain mail
rPois    +         Spirit   .   p - +0 hat {MR+}
rElec    .         Reflect  .   B - +0 cloak
rCorr    .         Harm     .   D - +0 pair of gloves
MR       +++..                  g - +0 pair of boots
Stlth    ..........             L - amulet of Vitality {Regen+ HP+15}
HPRegen  1.83/turn              b - +3 ring of protection
MPRegen  0.13/turn              X - +4 ring of evasion

@: berserking, corroded, regenerating, studying Axes, very quick
A: retaliatory headbutt, horns 2
a: Berserk, Trog's Hand, Brothers in Arms, Renounce Religion


You were on level 3 of the Lair of Beasts.
You worshipped Trog.
Trog was extremely pleased with you.
You were very hungry.

You visited 3 branches of the dungeon, and saw 15 of its levels.

You collected 1020 gold pieces.
You spent 168 gold pieces at shops.

Inventory:

Hand Weapons
 U - the +10 hand axe "Bifonienn" (weapon) {drain, rPois}
   (Trog gifted it to you on level 3 of the Lair of Beasts)

   A truly terrible weapon, it drains the life of those it strikes.
   It protects you from poison.
Missiles
 k - 14 boomerangs (quivered)
 s - 3 throwing nets
 y - 2 javelins
 G - 6 boomerangs of dispersal
 R - 7 silver javelins
Armour
 g - a +0 pair of boots (worn)
 p - a +0 hat of magic resistance (worn)
 A - a +4 chain mail (worn)
 B - a +0 cloak (worn)
 D - a +0 pair of gloves (worn)
 M - a +0 large shield (worn)
Jewellery
 b - a +3 ring of protection (left hand)
 C - an uncursed ring of resist corrosion
 L - the amulet of Vitality (around neck) {Regen+ HP+15}
   (You found it on level 8 of the Dungeon)

   [amulet of regeneration]

   It affects your health (+15).
   It increases your rate of regeneration.
 W - an uncursed ring of poison resistance
 X - a +4 ring of evasion (right hand)
Wands
 H - a wand of disintegration (19)
 N - a wand of flame (15)
Scrolls
 d - 5 scrolls of amnesia {unknown}
 i - 5 scrolls of teleportation
 j - 6 scrolls of remove curse
 l - a scroll of magic mapping {unknown}
 m - 2 scrolls of immolation {unknown}
 n - 5 scrolls of random uselessness {unknown}
 q - 6 scrolls of enchant weapon {unknown}
 r - a scroll of noise {unknown}
 t - 11 scrolls of identify
 x - a scroll of enchant armour {unknown}
 z - 7 scrolls of blinking {unknown}
 I - 2 scrolls of holy word {unknown}
 O - a scroll of silence {unknown}
 S - 2 scrolls of vulnerability {unknown}
 T - a scroll of fear {unknown}
 V - 2 scrolls of torment {unknown}
Potions
 e - 5 potions of brilliance
 f - 3 potions of curing
 h - 2 potions of berserk rage {unknown}
 o - 7 potions of heal wounds
 u - a potion of cancellation {unknown}
 v - a potion of lignification {unknown}
 w - a potion of agility {unknown}
 E - 3 potions of mutation {unknown}
 F - 3 potions of degeneration {unknown}
 J - 2 potions of might {unknown}
 K - 2 potions of magic {unknown}
 Q - a potion of flight {unknown}
Books
 a - a manual of Axes
Comestibles
 c - 21 rations


   Skills:
 * Level 12.6 Fighting
 * Level 14.3 Axes
 + Level 7.2 Throwing
 + Level 9.2 Armour
 + Level 8.3 Dodging
 * Level 12.8 Shields


You had 12 spell levels left.
You didn't know any spells.
Your spell library was empty.

Dungeon Overview and Level Annotations

Branches:
Dungeon (11/15)            Temple (1/1) D:5            Lair (3/6) D:11
  Snake (0/4) Lair:2          Orc (0/2) D:10
  Swamp: Lair:2-4    Shoals: Lair:2-4

Altars:
Fedhas
Makhleb
Nemelex Xobeh
Qazlal
Ru
Trog
Uskayaw
Zin

Shops:
D:6 ?

Annotations:
D:5 Blork the orc
Lair:3 exclusion: 3 oklob plants


Innate Abilities, Weirdness & Mutations

You reflexively headbutt those who attack you in melee.
You have a pair of horns on your head.


Message History

The oklob plant spits acid at you. The splash of acid hits you!
You are splashed with acid!
* * * LOW HITPOINT WARNING * * *
The oklob plant spits acid at you. You block the splash of acid.
You hit the oklob plant but do no damage.
You headbutt the oklob plant, but do no damage.
The oklob plant is severely damaged.
You slash the oklob plant!
The oklob plant is almost destroyed.
The oklob plant spits acid at you. The splash of acid hits you.
* * * LOW HITPOINT WARNING * * *
The acid corrodes you!
You are splashed with acid!
* * * LOW HITPOINT WARNING * * *
The oklob plant spits acid at you. The splash of acid hits you!
* * * LOW HITPOINT WARNING * * *
You are splashed with acid!
You die...

####### #[P...#
#.P$..# #...?(# #
#?@...# ## ### #.P.$!#
.# ####.#######.PPPP##
###
.###.#..##...........#
#.####
..............#.....P#
##...#
..#####..#...$$...#.##
#P...##
#.####.......#..#####
##......
.....#..#.....^.....#
#.#.....
........##..#.#...P.#
###......


You could see 3 oklob plants.

Vanquished Creatures
  Gastronok (Lair:2)
  The ghost of Magonis the Grappler, a journeyman TrBe of Trog (Lair:1)
  A hydra (Lair:2)
  Erica (D:9)
  The ghost of ubername the Slicer, a novice MiBe of Trog (Lair:1)
  Urug (D:10)
  The ghost of Woodmanan the Basher, a novice GrFi of the Shining One (D:8)
  An unseen horror (D:11)
  Pikel (D:4)
  An oklob plant (Lair:3)
  An ugly thing (D:11)
  A moth of wrath (D:8)
  Joseph (D:10)
  A black mamba (Lair:1)
  A centaur zombie (D:9)
  6 elephants (Lair:3)
  A torpor snail (Lair:1)
  3 spiny frogs
  5 komodo dragons
  A rime drake (Lair:3)
  3 trolls
  A hornet (D:10)
  6 hippogriffs
  A spriggan (D:7)
  21 yaks
  4 wyverns
  A basilisk (Lair:3)
  Grum (D:8)
  Menkaure (D:7)
  5 nagas (Lair:2)
  Duvessa (D:7)
  9 water moccasins
  A hornet zombie (D:8)
  3 porcupines
  2 sky beasts
  3 ice beasts
  2 phantoms
  2 black bears (D:8)
  2 necrophages
  6 ogres
  7 wolves
  2 crocodiles
  3 big kobolds
  18 bullfrogs
  2 scorpions
  Dowan (D:7)
  21 killer bees
  2 howler monkeys (D:8)
  3 electric eels
  3 crimson imps
  2 bullfrog zombies
  A quasit (D:11)
  8 hounds
  2 jellies (D:8)
  Crazy Yiuf (D:6)
  A centaur skeleton (D:5)
  3 iguanas
  6 worker ants
  4 orc wizards
  A hound skeleton (D:5)
  5 worker ant zombies
  A howler monkey skeleton (D:4)
  14 adders
  3 shadow imps
  2 oozes
  2 adder zombies
  4 worms
  2 dart slugs
  7 leopard geckos
  15 orcs
  6 giant cockroaches
  2 hobgoblins
  15 jackals
  24 kobolds
  5 quokkas
  2 ball pythons (D:1)
  5 bats
  2 frilled lizards (D:2)
  A goblin (D:2)
  A goblin zombie (D:6)
  A leopard gecko skeleton (D:8)
  2 quokka zombies
  7 rats
  3 plants
328 creatures vanquished.

Vanquished Creatures (others)
  Edmund (D:4)
  A slave (D:4)
  An orc priest (D:4)
  2 orc wizards (D:4)
  An ooze (D:1)
  2 adder skeletons (D:4)
  7 orcs (D:4)
  A ball python (D:1)
  A leopard gecko skeleton (D:4)
  3 plants
20 creatures vanquished.

Grand Total: 348 creatures vanquished

Notes
Turn   | Place    | Note
-------+----------+-------------------------------------------
     0 | D:1      | shmeve the Minotaur Berserker began the quest for the Orb.
     0 | D:1      | Reached XP level 1. HP: 19/19 MP: 0/0
   230 | D:1      | Reached XP level 2. HP: 22/27 MP: 1/1
   410 | D:1      | Reached skill level 4 in Axes
  1059 | D:2      | Reached XP level 3. HP: 33/33 MP: 2/2
  1272 | D:2      | Reached ** piety under Trog
  1693 | D:3      | Reached skill level 1 in Throwing
  1693 | D:3      | Reached XP level 4. HP: 41/41 MP: 3/3
  1814 | D:3      | Reached XP level 5. HP: 36/47 MP: 4/4
  2466 | D:3      | Reached skill level 5 in Fighting
  2729 | D:4      | Noticed Pikel
  2729 | D:4      | Noticed a slave
  2729 | D:4      | Noticed a slave
  2729 | D:4      | Noticed a slave
  2730 | D:4      | Noticed a slave
  2738 | D:4      | Killed Pikel
  2738 | D:4      | Reached skill level 6 in Axes
  2738 | D:4      | Reached XP level 6. HP: 29/57 MP: 5/5
  2738 | D:4      | Reached XP level 7. HP: 32/63 MP: 6/6
  2768 | D:4      | Killed Edmund
  3669 | D:5      | Entered Level 5 of the Dungeon
  3710 | D:5      | Found a bloodstained altar of Trog.
  3710 | D:5      | Noticed Blork the orc
  3822 | D:5      | Found a glowing silver altar of Zin.
  3894 | D:5      | Found a stormy altar of Qazlal.
  3941 | D:5      | Found a staircase to the Ecumenical Temple.
  4244 | Temple   | Entered the Ecumenical Temple
  4286 | D:6      | Reached skill level 7 in Axes
  4286 | D:6      | Reached XP level 8. HP: 64/73 MP: 7/7
  4555 | D:6      | Found a runed translucent door.
  4556 | D:6      | Found the +5 demon whip "Spellbinder" {antimagic, MR+}
  4556 | D:6      | Noticed Crazy Yiuf
  4562 | D:6      | Killed Crazy Yiuf
  4658 | D:6      | Reached *** piety under Trog
  4658 | D:6      | Reached skill level 5 in Armour
  4671 | D:6      | Found a sacrificial altar of Ru.
  4868 | D:6      | Reached skill level 8 in Axes
  5096 | D:6      | Found Fauweh's Magic Scroll Emporium.
  5103 | D:6      | Reached skill level 5 in Dodging
  5132 | D:6      | Bought a scroll of teleportation for 42 gold pieces
  5132 | D:6      | Bought a scroll of remove curse for 42 gold pieces
  5132 | D:6      | Bought a scroll of identify for 28 gold pieces
  5132 | D:6      | Bought a scroll of identify for 28 gold pieces
  5132 | D:6      | Bought a scroll of identify for 28 gold pieces
  5148 | D:6      | Found a sparkling altar of Nemelex Xobeh.
  5457 | D:7      | Reached XP level 9. HP: 82/82 MP: 8/8
  5480 | D:7      | Noticed Dowan
  5482 | D:7      | Noticed Menkaure
  5483 | D:7      | Noticed Duvessa
  5486 | D:7      | Killed Dowan
  5489 | D:7      | Killed Duvessa
  5491 | D:7      | Killed Menkaure
  5931 | D:7      | Reached skill level 9 in Axes
  6195 | D:8      | Reached **** piety under Trog
  6195 | D:8      | Received a gift from Trog
  6420 | D:8      | Found a transporter.
  6424 | D:8      | Noticed Grum
  6426 | D:8      | Noticed Woodmanan's ghost (novice GrFi)
  6440 | D:8      | Killed Grum
  6440 | D:8      | Reached skill level 5 in Throwing
  6477 | D:8      | Found a transporter.
  6481 | D:8      | Found the amulet of Vitality {Regen+ HP+15}
  6529 | D:8      | Noticed a moth of wrath
  6545 | D:8      | Killed a moth of wrath
  6545 | D:8      | Reached skill level 10 in Fighting
  6545 | D:8      | Reached skill level 10 in Axes
  6545 | D:8      | Reached XP level 10. HP: 73/93 MP: 9/9
  6546 | D:8      | Killed Woodmanan's ghost
  6992 | D:8      | Reached skill level 1 in Shields
  7441 | D:9      | Reached skill level 5 in Shields
  7568 | D:9      | Noticed Erica
  7592 | D:9      | Killed Erica
  7641 | D:9      | Found a hide-covered altar of Uskayaw.
  8096 | D:10     | Entered Level 10 of the Dungeon
  8096 | D:10     | Noticed Joseph
  8110 | D:10     | Killed Joseph
  8110 | D:10     | Reached XP level 11. HP: 101/101 MP: 10/10
  8224 | D:10     | Found a staircase to the Orcish Mines.
  8298 | D:10     | Reached skill level 10 in Shields
  8383 | D:10     | Reached ***** piety under Trog
  8604 | D:10     | Noticed Urug
  8617 | D:10     | Killed Urug
  8849 | D:11     | Killed an unseen horror
  9169 | D:11     | Found a staircase to the Lair.
  9499 | D:11     | Noticed a white ugly thing
  9508 | D:11     | Killed a white ugly thing
  9598 | D:11     | Reached skill level 11 in Axes
  9762 | Lair:1   | Entered Level 1 of the Lair of Beasts
 10265 | Lair:1   | Found a runed translucent gate.
 10267 | Lair:1   | Found a runed translucent gate.
 10267 | Lair:1   | Noticed Magonis's ghost (journeyman TrBe)
 10268 | Lair:1   | Found a runed translucent gate.
 10268 | Lair:1   | Noticed ubername's ghost (novice MiBe)
 10307 | Lair:1   | HP: 2/117 [Magonis's ghost (10)]
 10308 | Lair:1   | Killed Magonis's ghost
 10312 | Lair:1   | Killed ubername's ghost
 10312 | Lair:1   | Reached skill level 12 in Axes
 10531 | Lair:1   | Reached XP level 12. HP: 110/110 MP: 11/11
 11143 | Lair:2   | Found a staircase to the Snake Pit.
 11249 | Lair:2   | Noticed Gastronok
 11269 | Lair:2   | Killed Gastronok
 11269 | Lair:2   | Reached skill level 13 in Axes
 11309 | Lair:2   | Noticed a seven-headed hydra
 11322 | Lair:2   | Killed a 14-headed hydra
 11921 | Lair:3   | Reached skill level 14 in Axes
 12066 | Lair:3   | Received a gift from Trog
 12069 | Lair:3   | Got a jewelled hand axe {god gift}
 12070 | Lair:3   | Identified the +10 hand axe "Bifonienn" {drain, rPois}
                  | (Trog gifted it to you on level 3 of the Lair of Beasts)
 12257 | Lair:3   | Reached XP level 13. HP: 119/119 MP: 12/12
 12541 | Lair:3   | Splashed by an oklob plant's acid

Levels and vault maps discovered:
D:1:      mrwooster_arrival_arrow, layout_loops_ring, lemuel_flame_loot_1
D:2:      layout_loops_ring, wad_floor_pattern_1, minmay_tall_x
D:3:      layout_loops_corners, serial_park_tiny_1, grunt_ministairs_11
D:4:      layout_basic, first_ration, cheibrodos_sewer_entry_bend, uniq_pikel,
          uniq_edmund
D:5:      layout_loops_cross, nicolae_overflow_hidden_temple, kennysheep_mini,
          minmay_temple_entry_gardened_gates, st_stairs_13, uniq_blork_the_orc
D:6:      layout_loops_ring, basic_altar, serial_shops, shop_coins,
          enter_ossuary_4, nrook_uturn, hangedman_decor_opposing,
          nemelex_spade_bored_becter, uniq_crazy_yiuf_cottage
D:7:      layout_rooms, the_bakery, kennysheep_generic_room_4, uniq_duvessa,
          uniq_menkaure
D:8:      layout_cave_pools, gammafunk_ghost_berserking_beasts, uniq_grum
D:9:      layout_cave_pools, lemuel_doored_altar, nicolae_water_bricks,
          uniq_erica
D:10:     layout_rooms, orc_0_dummy, uniq_joseph, uniq_urug
D:11:     layout_stronghold, david_lair_shrubbed
Temple:   lightli_temple_of_artemis
Lair:1:   layout_cave_pods, gammafunk_ghost_cemetery,
          chequers_serial_rivers_large_a, st_stairs_8,
          chequers_serial_rivers_room_a, nicolae_lair_grove_arrangements,
          lemuel_old_faithful
Lair:2:   layout_hall_layers, minmay_snake_entry_guardpost_large, uniq_gastronok
Lair:3:   layout_misc_corridors, lemuel_fruit_fields, minmay_lair_oklob_chamber,
          grunt_megastairs_1, serial_bayou_shore_b, serial_bayou_shore_b

Skill      XL: |  1  2  3  4  5  6  7  8  9 10 11 12 |
---------------+-------------------------------------+-----
Axes           | 4 6 7 8 10 12 14 | 14.3
Fighting       | 4 6 7 8 10 11 12 | 12.6
Throwing       | 1 2 3 4 5 6 7 |  7.2
Armour         | 3 4 5 6 7 8 9 |  9.2
Dodging        | 3 4 5 6 7 8 |  8.3
Shields        | 9 11 12 | 12.8

Action                   |  1- 3 |  4- 6 |  7- 9 | 10-12 | 13-15 || total
-------------------------+-------+-------+-------+-------+-------++-------
Melee: Hand axe          |    76 |    50 |   326 |   306 |    12 ||   770
       Headbutt          |    12 |    11 |    54 |   158 |     7 ||   242
       War axe           |       |       |       |   327 |       ||   327
Throw: Boomerang         |       |       |    12 |    21 |       ||    33
Invok: Berserk           |       |     1 |     4 |    11 |     1 ||    17
       Trog's Hand       |       |       |     1 |     6 |     1 ||     8
  Use: Scroll            |       |       |       |    11 |       ||    11
       Potion            |       |       |       |     1 |       ||     1
 Stab: Sleeping          |     3 |     1 |       |       |       ||     4
  Eat: Chunk             |     2 |     4 |    12 |    23 |     1 ||    42
       Ration            |       |       |     1 |     3 |       ||     4
Armor: Animal skin       |    13 |    15 |     2 |       |       ||    30
       Chain mail        |       |       |   196 |   362 |     3 ||   561
Dodge: Dodged            |    62 |    44 |   177 |   336 |     1 ||   620
Block: Large shield      |       |       |       |   452 |     1 ||   453
